 Dungeon Crawl Stone Soup version 0.21-a0-621-gc60411f (webtiles) character file.

23 Amnesiac the Insei (level 2, -3/19 HPs)
             Began as an Octopode Transmuter on Dec 23, 2017.
             Slain by an adder (4 damage)
             ... on level 2 of the Dungeon.
             The game lasted 00:01:18 (1053 turns).

Amnesiac the Insei (Octopode Transmuter)            Turns: 1053, Time: 00:01:19

Health: -3/19      AC:  1    Str:  9    XL:     2   Next: 95%
Magic:  3/5        EV: 13    Int: 15    God:
Gold:   47         SH:  0    Dex: 12    Spells: 2/5 levels left

rFire    . . .     SeeInvis .   i - +2 dagger (drain)
rCold    . . .     Gourm    .   (no shield)
rNeg     . . .     Faith    .   (helmet restricted)
rPois    .         Spirit   .   d - amulet of inaccuracy (curse)
rElec    .         Reflect  .   f - ring of protection from magic
rCorr    .         Harm     .   (no ring)
MR       +....                  (no ring)
Stlth    ++........             (no ring)
HPRegen  0.06/turn              (no ring)
MPRegen  0.09/turn              (no ring)
                                (no ring)
                                (no ring)

@: flying, very slightly contaminated, invisible
A: almost no armour, stealthy swim, amphibious, 8 rings, constrict 8, camouflage
1, gelatinous body 1
a: no special abilities


You were on level 2 of the Dungeon.
You were hungry.

You visited 1 branch of the dungeon, and saw 2 of its levels.

You collected 47 gold pieces.

Inventory:

Hand Weapons
 i - a +2 dagger of draining (weapon)
Missiles
 a - 11 arrows
 e - 86 stones (quivered)
 j - a throwing net
Jewellery
 d - a cursed amulet of inaccuracy (around mantle)
 f - a ring of protection from magic (left tentacle)
Scrolls
 g - a scroll of identify {!r, unknown}
Books
 b - a book of Changes

   Spells                             Type                      Level
   a - Beastly Appendage              Transmutation                1
   b - Sticks to Snakes               Transmutation                2
   c - Spider Form                    Transmutation/Poison         3
   d - Ice Form                       Ice/Transmutation            4
   e - Blade Hands                    Transmutation                5
Comestibles
 c - 3 rations


   Skills:
 - Level 2.0 Fighting
 - Level 2.0 Dodging
 - Level 3.0 Unarmed Combat
 - Level 2.0 Spellcasting
 + Level 2.8 Transmutations


You had 2 spell levels left.
You knew the following spells:

 Your Spells              Type           Power        Failure   Level  Hunger
a - Beastly Appendage     Tmut           #.....       7%          1    #......
b - Sticks to Snakes      Tmut           #.......     11%         2    ###....


Dungeon Overview and Level Annotations

Branches:
Dungeon (2/15)

Altars:
Elyvilon
Okawaru


Innate Abilities, Weirdness & Mutations

You cannot wear most types of armour.
You are very stealthy in the water. (Stealth+)
You are amphibious.
You can wear up to eight rings at the same time.
You can use your tentacles to constrict eight enemies at once.
Your skin changes colour to match your surroundings (Stealth+).
Your rubbery body absorbs attacks. (AC +1, EV +1)


Message History

Your Fighting skill increases to level 2!
You see here a scroll labeled HAIZIV WOROL {!r}.
g - a scroll labeled HAIZIV WOROL {!r}
Found a white marble altar of Elyvilon.
A jackal comes into view.
Found a scroll labeled GOM YJ YFFEIR.
An adder comes into view.
The helpless jackal fails to defend itself.
You hit the jackal.
The adder hisses angrily.
The jackal is almost dead.
The jackal bites you but does no damage.
The jackal bites you.
The adder moves out of view.
The jackal barely misses you. The jackal bites you.
The jackal barely misses you.
Found an iron altar of Okawaru.
The jackal misses you.
There is a white marble altar of Elyvilon here.
You hit the jackal.
You kill the jackal!
You hit the jackal but do no damage. The jackal bites you. x2
You closely miss the jackal. The jackal bites you.
You barely miss the jackal. The jackal bites you.
* * * LOW HITPOINT WARNING * * *
The jackal closely misses you.
You closely miss the jackal. You grab the jackal. You constrict the jackal.
The jackal misses you.
Really quaff
h - a sedimented pink potion {!q}?
It was a potion of flight {!q}.
You feel very buoyant.
You fly up into the air.
You constrict the jackal. The jackal misses you.
Really quaff
k - a fizzy pink potion {!q}?
It was a potion of invisibility {!q}.
You fade into invisibility!
You constrict the jackal. The jackal closely misses you. The jackal misses you.
You are very lightly contaminated with residual magic.
You strike the helpless jackal from behind!
You hit the jackal.
You kill the jackal!
You hit the adder.
The adder is moderately wounded.
The adder bites you.
* * * LOW HITPOINT WARNING * * *
You completely miss the adder.
The adder is moderately wounded.
The adder closely misses you.
You barely miss the adder.
The adder is moderately wounded.
The adder barely misses you. The adder closely misses you.
You miss the adder. You grab the adder. You squeeze the adder.
The adder is moderately wounded.
You constrict the adder.
The adder escapes!
Casting: Beastly Appendage
Confirm with . or Enter, or press ? or * to list all spells.
You create a snake!
You now have 11 arrows.
You are feeling hungry.
The adder hisses angrily.
You closely miss the adder.
The adder is moderately wounded.
The adder bites you.
* * * LOW HITPOINT WARNING * * *
Your ball python grabs the adder.
Your ball python constricts the adder.
The adder bites you.
You die...

#..........
#..........
#..........
###..<.......
#.....†.....#
##8..8##...##
#.....8# #.#
###S.### ..
#@S....# .
###..###
...._#
##..### ....
#..## ?...
..#.


You could see an adder and a friendly ball python.

Vanquished Creatures
  A leopard gecko (D:1)
  A ball python (D:1)
  A bat (D:1)
  A goblin (D:1)
  3 hobgoblins
  4 jackals
  4 kobolds (D:1)
  3 rats (D:1)
18 creatures vanquished.

Notes
Turn   | Place    | Note
-------+----------+-------------------------------------------
     0 | D:1      | Amnesiac the Octopode Transmuter began the quest for the Orb.
     0 | D:1      | Reached XP level 1. HP: 13/13 MP: 3/3
   346 | D:1      | Reached XP level 2. HP: 12/18 MP: 5/5
  1000 | D:1      | Learned a level 2 spell: Sticks to Snakes
  1034 | D:2      | Found a white marble altar of Elyvilon.
  1037 | D:2      | Found an iron altar of Okawaru.
  1053 | D:2      | Slain by an adder

Vault maps used:
D:1:      evilmike_arrival_plus
D:2:      chequers_temple_overflow_statue_of_worship,
          lemuel_coloured_pillars_altar, minitemple, first_ration

Skill      XL: |  1  2 |
---------------+-------+-----
Fighting       | 2 |  2.0
Dodging        | |  2.0
Unarmed Combat | |  3.0
Spellcasting   | |  2.0
Transmutations | |  2.8

Action                   || total
-------------------------++-------
Melee: Unarmed           ||    57
       Constrict         ||    12
       Tentacles         ||     4
       Dagger            ||    13
Throw: Stone             ||    24
 Cast: Sticks to Snakes  ||     1
  Use: Potion            ||     2
       Scroll            ||     1
 Stab: Sleeping          ||     2
       Invisible         ||     1
Armor: Skin              ||    10
Dodge: Dodged            ||    40

Table legend:
 A = Spawn XP
 B = Non-spawn XP
 C = Spawn XP percentage of total XP
 D = Spawn monster count
 E = Non-spawn monster count
 F = Spawn count percentage of total count
 G = Total turns spent on level
                    A         B        C        D         E        F      G
               +---------+---------+-------+---------+---------+-------+---------
         Total |       0 |      33 |   0.0 |       0 |      18 |   0.0 |  1053
               +---------+---------+-------+---------+---------+-------+---------
           D:1 |       0 |      27 |   0.0 |       0 |      15 |   0.0 |  1028
           D:2 |       0 |       6 |   0.0 |       0 |       3 |   0.0 |    25
               +---------+---------+-------+---------+---------+-------+---------
